 Dungeon Crawl Stone Soup version 0.28-b1-70-g80dc712255 (webtiles) character file.

Game seed: 11698312626656004167

49 vvl the Chiller (level 3, -2/26 HPs)
             Began as a Demonspawn Ice Elementalist on Feb 3, 2022.
             Slain by Crazy Yiuf (5 damage)
             ... on level 2 of the Dungeon.
             The game lasted 00:04:32 (2281 turns).

vvl the Chiller (Demonspawn Ice Elementalist)       Turns: 2281, Time: 00:04:32

Health: -2/26      AC: 12    Str:  8    XL:     3   Next: 51%
Magic:  0/6        EV: 12    Int: 18    God:
Gold:   77         SH:  5    Dex: 13    Spells: 5/6 levels left

rFire   . . .      SeeInvis .   i - +2 dagger (protect)
rCold   . . .      Faith    .   (no shield)
rNeg    . . .      Spirit   .   a - +0 robe
rPois   .          Reflect  +   k - +2 helmet
rElec   .          Harm     .   (no cloak)
rCorr   .          Rampage  .   (no gloves)
Will    .....                   (no boots)
Stlth   ++........              c - amulet of reflection
HPRegen 0.08/turn               (no ring)
MPRegen 0.10/turn               (no ring)

@: under a protective aura
A: hooves 1, spiny 1
a: no special abilities


You were on level 2 of the Dungeon.
You visited 1 branch of the dungeon, and saw 2 of its levels.

You collected 77 gold pieces.

Inventory:

Hand Weapons
 e - a +0 war axe
 i - a +2 dagger of protection (weapon)
Armour
 a - a +0 robe (worn)
 k - a +2 helmet (worn)
Jewellery
 c - an amulet of reflection (around neck)
Scrolls
 f - a scroll of fear {unknown}
 j - a scroll of noise {unknown}
Potions
 b - a potion of attraction {unknown}
 d - a potion of magic {unknown}
 g - a potion of lignification {unknown}
 h - a potion of ambrosia {unknown}


   Skills:
 + Level 1.3 Fighting
 + Level 2.3 Dodging
 - Level 2.0 Stealth
 + Level 2.4 Spellcasting
 + Level 0.0 Conjurations
 + Level 0.0 Fire Magic
 + Level 3.9 Ice Magic


You had 5 spell levels left.
You knew the following spells:

 Your Spells              Type           Power      Damage    Failure   Level
a - Freeze                Ice            64%        1d8       3%          1

Your spell library contained the following spells:

 Spells                   Type           Power      Damage    Failure   Level
 Frozen Ramparts          Ice            32%        1d5       11%         3
 Ozocubu's Armour         Ice            16%        N/A       11%         3
 Foxfire                  Conj/Fire      8%         2x1d4     17%         1
 Conjure Flame            Conj/Fire      2%         6-21      45%         3
 Inner Flame              Hex/Fire       2%         N/A       45%         3
 Hailstorm                Conj/Ice       9%         3d4       58%         4
 Flame Wave               Conj/Fire      2%         2d4       86%         4


Dungeon Overview and Level Annotations

Branches:
Dungeon (2/15)

Altars:

Shops:
D:1 :

Annotations:
D:2 Crazy Yiuf


Innate Abilities, Weirdness & Mutations

You have large cloven feet.
You are partially covered in sharp spines.


Message History

You freeze Crazy Yiuf.
Crazy Yiuf is lightly wounded.
Crazy Yiuf closely misses you.
You barely miss Crazy Yiuf.
Crazy Yiuf is lightly wounded.
Crazy Yiuf hits you with a +3 quarterstaff of chaos!
Unknown command.
You freeze Crazy Yiuf.
Crazy Yiuf is moderately wounded.
Crazy Yiuf waves his quarterstaff at you.
You block Crazy Yiuf's attack.
You freeze Crazy Yiuf.
Crazy Yiuf is heavily wounded.
Crazy Yiuf is struck by your spines.
Crazy Yiuf hits you with a +3 quarterstaff of chaos!
* * * LOW HITPOINT WARNING * * *
You feel your power leaking away.
You are too injured to fight recklessly!
Casting: Freeze (safe; 3% risk of failure)
Confirm with . or Enter, or press ? or * to list all spells.
You don't have enough magic to cast this spell.
You hit Crazy Yiuf but do no damage.
Your weapon exudes an aura of protection.
Crazy Yiuf is heavily wounded.
Crazy Yiuf whimpers, "Hah!
Action down pontify."
Crazy Yiuf is struck by your spines. Crazy Yiuf closely misses you.
You closely miss Crazy Yiuf. Your kick misses Crazy Yiuf.
Crazy Yiuf is heavily wounded.
Crazy Yiuf completely misses you.
You closely miss Crazy Yiuf.
Crazy Yiuf is heavily wounded.
Crazy Yiuf is struck by your spines.
Crazy Yiuf hits you with a +3 quarterstaff of chaos.
* * * LOW HITPOINT WARNING * * *
You hit Crazy Yiuf.
Your weapon exudes an aura of protection.
You kick Crazy Yiuf.
Crazy Yiuf is severely wounded.
Crazy Yiuf hits you with a +3 quarterstaff of chaos.
You die...

####.# #.#.#. #....#
#.#.#) #.######.#...
### ###......
#........
#######.#...... ###
###.#.....#####.#
#...##..#............#
#...g@####......###..#
#)..### ##....## #..#
### #########..#
##....# #..#..#
####.###.# #.##..#)..
#.###...(# #.# ##..##


You could see Crazy Yiuf.

Vanquished Creatures
  A worm (D:2)
  6 ball pythons (D:1)
  6 endoplasms
  A giant cockroach (D:2)
  5 goblins
  5 hobgoblins
  2 quokkas
  4 bats
  4 frilled lizards
  2 kobolds
  9 rats
45 creatures vanquished.

Notes
Turn   | Place    | Note
-------+----------+-------------------------------------------
     0 | D:1      | vvl the Demonspawn Ice Elementalist began the quest for the
                  | Orb.
     0 | D:1      | Reached XP level 1. HP: 13/13 MP: 3/3
   389 | D:1      | Found Qoesiyrr's Book Emporium.
   481 | D:1      | Gained mutation: You are partially covered in sharp spines.
                  | [demonic ancestry]
   481 | D:1      | Reached XP level 2. HP: 16/20 MP: 5/5
   912 | D:1      | Reached skill level 1 in Fighting
  1292 | D:2      | Found a faded altar of an unknown god.
  1293 | D:2      | Noticed a shining eye
  1295 | D:2      | Noticed a great orb of eyes
  1295 | D:2      | Noticed an eye of devastation
  1295 | D:2      | Noticed a great orb of eyes
  1447 | D:2      | Gained mutation: You have large cloven feet. [demonic
                  | ancestry]
  1447 | D:2      | Reached XP level 3. HP: 18/26 MP: 6/6
  2114 | D:2      | Found a runed translucent door.
  2115 | D:2      | Noticed Crazy Yiuf
  2281 | D:2      | Slain by Crazy Yiuf

Illustrated notes

Levels and vault maps discovered:
D:1:      giann_forest_graveyard, layout_basic, serial_shops,
          nicolae_shop_hallway_plus
D:2:      layout_loops_ring, hellmonk_ecumenical_altar_watching_god,
          minmay_pentomino_x2, uniq_crazy_yiuf_cottage

Skill      XL: |  1  2 |
---------------+-------+-----
Stealth        | 2 |  2.0
Dodging        | 2 |  2.3
Fighting       | 1 |  1.3
Spellcasting   | |  2.4
Ice Magic      | |  3.9

Action                   || total
-------------------------++-------
Melee: War axe           ||    32
       Dagger            ||    27
       Kick              ||     6
 Cast: Freeze            ||    24
 Stab: Sleeping          ||     9
Armor: Robe              ||    10
Dodge: Dodged            ||    30
Block: Other             ||     9
       Reflection        ||     1
